 Dungeon Crawl Stone Soup version 0.18-a0-822-gb52b7b4 (webtiles) character file.

2829 mcbry74 the Grappler (level 9, -5/70 HPs)
             Began as a Black Draconian Monk on Dec 16, 2015.
             Was an Elder of Trog.
             Slain by a killer bee (9 damage)
             ... on level 7 of the Dungeon.
             The game lasted 01:05:20 (8404 turns).

mcbry74 the Grappler (Black Draconian Monk)         Turns: 8404, Time: 01:05:21

Health: -5/70      AC:  8    Str: 16    XL:     9   Next: 45%
Magic:  9/9        EV: 15    Int: 14    God:    Trog [****..]
Gold:   376        SH:  0    Dex: 14    Spells: 0 memorised, 8 levels left

rFire  . . .     SeeInvis .       - Unarmed
rCold  + + .     Gourm    .     (armour unavailable)
rNeg   + . .     Faith    .     (no shield)
rPois  +         Spirit   .     (helmet restricted)
rElec  +         Dismiss  .     t - +0 cloak
rCorr  .         Reflect  .     (no gloves)
SustAt .         Harm     .     (no boots)
MR     .....                    (no amulet)
Stlth  ++........               l - ring of poison resistance
                                y - ring "Fuplyo" {rPois rC++ rN+ Int+3}

@: lethally poisoned (-5 -> -6), exhausted, short of breath, slowed, very slow,
not resistant to hostile enchantments, unstealthy
A: breathe lightning, unfitting armour, electricity resistance, cold-blooded, AC
+7
a: Breathe Lightning, Berserk, Trog's Hand, Brothers in Arms, Burn Spellbooks,
Renounce Religion


You were on level 7 of the Dungeon.
You worshipped Trog.
Trog was greatly pleased with you.
You were not hungry.

You visited 2 branches of the dungeon, and saw 8 of its levels.

You collected 376 gold pieces.

Inventory:

Missiles
 j - 6 tomahawks (quivered)
Armour
 t - a +0 cloak (worn)
 G - a +0 pair of gloves
Jewellery
 e - a +4 ring of protection
 l - a ring of poison resistance (right hand)
 n - an uncursed ring of see invisible
 p - an uncursed ring of stealth
 u - a cursed ring of teleportation
 x - a +3 ring of evasion {unknown}
 y - the ring "Fuplyo" (left hand) {rPois rC++ rN+ Int+3}
   (You found it on level 6 of the Dungeon)

   [ring of positive energy]

   It affects your intelligence (+3).
   It greatly protects you from cold.
   It protects you from poison.
   It protects you from negative energy.
Wands
 r - a wand of hasting (3)
 s - a wand of frost (21)
 E - a wand of random effects (29)
 F - a wand of fireball (6)
Scrolls
 b - a scroll of enchant weapon
 q - 3 scrolls of remove curse
 v - a scroll of magic mapping
 w - 2 scrolls of teleportation {unknown}
 A - a scroll of blinking {unknown}
 B - 5 scrolls of identify
Potions
 c - a potion of heal wounds {unknown}
 d - 3 potions of brilliance
 f - 3 potions of curing
 i - a potion of mutation
 k - a potion of ambrosia {unknown}
 m - 2 potions of resistance
 z - a potion of beneficial mutation {unknown}
 C - a potion of haste {unknown}
 I - a potion of cure mutation {unknown}
Comestibles
 a - 9 bread rations
 g - a beef jerky
 h - 2 royal jellies
 o - 4 meat rations
 D - 2 chunks of flesh
 H - 4 fruits


   Skills:
 - Level 3.2 Fighting
 + Level 5.3 Dodging
 + Level 2.5 Stealth
 * Level 12.2 Unarmed Combat
 + Level 0.4 Evocations


You had 8 spell levels left.
You didn't know any spells.

Dungeon Overview and Level Annotations

Branches:
Dungeon (7/15)             Temple (1/1) D:5

Altars:
Ashenzari
Cheibriados
Elyvilon
Fedhas
Gozag
Kikubaaqudgha
Makhleb
Okawaru
Pakellas
Ru
Sif Muna
Trog
Vehumet
Xom
Yredelemnul
Zin
The Shining One

Shops:
D:6 *


Innate Abilities, Weirdness & Mutations

You can breathe wild blasts of lightning.
Your glossy black scales are hard (AC +7).
Your body does not fit into most forms of armour.
You are resistant to electric shocks.
You are cold-blooded and may be slowed by cold attacks.


Message History

You feel less resistant to hostile enchantments.
The killer bee stings you but does no damage.
The killer bee closely misses you. The goblin hits you but does no damage.
You feel sick. The killer bee completely misses you.
The killer bee closely misses you.
You breathe a wild blast of lightning!
The zap misses you.
The zap hits the plant.
The plant appears unharmed.
You hear a mighty clap of thunder!
The bolt of lightning hits you! You resist.
* * * LOW HITPOINT WARNING * * *
The bolt of lightning misses the killer bee. x2
The zap hits the killer bee.
The killer bee is moderately wounded.
The zap misses the goblin.
The zap hits the goblin.
The goblin is severely wounded.
You hear a clap of thunder!
You feel somewhat more hungry.
You hear a shout! x2
The killer bee barely misses you. The killer bee stings you!
You die...

#.....................
.........####.....###
##....##### ####..#.. ##
...#.#.. #..####.) . ###.
#...#.'.(.# #..#..#.. ..##...##
.....###'##+##'#..##' ........#
#......'..#....)..... ≈≈≈≈≈≈≈.##
#..#..P#..'....####.. #≈.†#
#..#@######.####..#.# #≈..#
#..#y#...'))#..#[.#.' #≈..##
#.gg#...#..#..#'##.#
#≈...###...#####.###'#..'.#
#####≈....##...#..'..#...#..#..
≈≈≈≈≈≈≈...g.#...#..#.)#...#..#..
...........g.#..## ##.'...####..
.................# #(#####.....
.........÷.......# #.†......###


You could see a killer bee and 2 goblins.

Vanquished Creatures
  The ghost of Raultor the Cudgeler, a novice DsGl of Qazlal (D:5)
  Sigmund (D:4)
  A spriggan (D:7)
  Duvessa (D:7)
  2 orc warriors (D:7)
  2 ogres
  2 phantoms
  A centaur (D:7)
  4 giant frogs
  A scorpion (D:5)
  A wyvern skeleton (D:7)
  A water moccasin skeleton (D:6)
  Dowan (D:7)
  4 killer bees (D:7)
  A centaur zombie (D:6)
  4 crimson imps
  A quasit (D:5)
  5 orc priests
  A centaur skeleton (D:6)
  3 hounds (D:4)
  An iguana (D:5)
  3 orc wizards
  Jessica (D:2)
  A killer bee zombie (D:7)
  A hound skeleton (D:6)
  Robin (D:3)
  9 adders
  An adder zombie (D:6)
  4 worms
  2 giant geckos (D:3)
  34 orcs
  4 giant cockroaches
  23 goblins
  19 hobgoblins
  13 jackals
  2 ball pythons
  15 bats
  4 giant newts
  A jackal skeleton (D:5)
  A jackal zombie (D:6)
  13 kobolds
  8 quokkas
  14 rats
213 creatures vanquished.

Notes
Turn   | Place    | Note
--------------------------------------------------------------
     0 | D:1      | mcbry74 the Draconian Monk began the quest for the Orb.
     0 | D:1      | Reached XP level 1. HP: 19/19 MP: 1/1
   569 | D:1      | Reached XP level 2. HP: 26/26 MP: 2/2
   956 | D:2      | Noticed Jessica
   963 | D:2      | Killed Jessica
   963 | D:2      | Reached XP level 3. HP: 25/31 MP: 3/3
  1279 | D:2      | Found a shattered altar of Ashenzari.
  1501 | D:2      | Reached skill level 5 in Unarmed Combat
  1501 | D:2      | Reached XP level 4. HP: 19/38 MP: 4/4
  2164 | D:3      | Found a bloodstained altar of Trog.
  2263 | D:3      | Noticed Robin
  2283 | D:3      | Became a worshipper of Trog the Wrathful
  2283 | D:3      | Reached * piety under Trog
  2283 | D:3      | Reached ** piety under Trog
  2290 | D:3      | Reached XP level 5. HP: 28/45 MP: 5/5
  2300 | D:3      | Killed Robin
  2831 | D:3      | Found a burning altar of Makhleb.
  2882 | D:3      | Reached skill level 6 in Unarmed Combat
  2969 | D:3      | Reached *** piety under Trog
  3095 | D:3      | Found a white marble altar of Elyvilon.
  3590 | D:3      | Reached XP level 6. HP: 51/51 MP: 6/6
  3723 | D:4      | Noticed Sigmund
  3729 | D:4      | Found an iron altar of Okawaru.
  3735 | D:4      | Killed Sigmund
  3735 | D:4      | Reached skill level 7 in Unarmed Combat
  3735 | D:4      | Your scales start taking on a glossy black colour.
  3735 | D:4      | Gained mutation: You are resistant to electric shocks. [Black Draconian growth]
  3735 | D:4      | Reached XP level 7. HP: 57/57 MP: 7/7
  3913 | D:4      | Reached skill level 8 in Unarmed Combat
  4109 | D:5      | Entered Level 5 of the Dungeon
  4406 | D:5      | Noticed Raultor's ghost (novice DsGl)
  4720 | D:5      | Killed Raultor's ghost
  4720 | D:5      | Reached skill level 9 in Unarmed Combat
  4720 | D:5      | Reached XP level 8. HP: 63/63 MP: 8/8
  5421 | D:5      | Reached skill level 10 in Unarmed Combat
  5505 | D:5      | Found an oddly glowing altar of Pakellas.
  5893 | D:5      | Found a staircase to the Ecumenical Temple.
  5899 | Temple   | Entered the Ecumenical Temple
  6282 | D:5      | Identified Jifuren's Almanac of Helpful Malediction
  6681 | D:5      | Found a glowing silver altar of Zin.
  6901 | D:6      | Reached skill level 11 in Unarmed Combat
  6916 | D:6      | Found Fyliyffu's General Store.
  7002 | D:6      | Found a radiant altar of Vehumet.
  7012 | D:6      | Found a glowing silver altar of Zin.
  7017 | D:6      | Got a fine copper ring
  7038 | D:6      | Found an ancient bone altar of Kikubaaqudgha.
  7040 | D:6      | Identified the ring "Fuplyo" {rPois rC++ rN+ Int+3} (You found it on level 6 of the Dungeon)
  7538 | D:7      | Reached **** piety under Trog
  7546 | D:7      | Reached XP level 9. HP: 54/70 MP: 9/9
  7964 | D:7      | Noticed Duvessa
  7965 | D:7      | Noticed Dowan
  7981 | D:7      | Killed Dowan
  7984 | D:7      | Killed Duvessa
  8207 | D:7      | Reached skill level 12 in Unarmed Combat
  8324 | D:7      | Reached skill level 5 in Dodging
  8389 | D:7      | HP: 1/70 [goblin/hand axe (5)]
  8404 | D:7      | Slain by a killer bee

Vault maps used:
D:1:      dpeg_arrival_rooms_b, minmay_misc_feat_pillars
D:2:      evilmike_ruin_ashenzari, uniq_jessica
D:3:      elyvilon_altar_5, bloody_trog, makhleb_grotto_becter, first_bread,
          dk_noncrumbling_2, uniq_robin
D:4:      okawaru_ov_weapons_minmay, small_statue_intersection, uniq_sigmund
D:5:      old_standard_altar, kennysheep_mini_moat,
          minmay_temple_entry_butterflies, minmay_misc_feat_x,
          saegor_snake_ambush
D:6:      grunt_temple_overflow_open, serial_shops, kennysheep_little_box,
          lemuel_tele_altar
D:7:      corexii_shantytown, enter_bailey_3, the_bakery, uniq_duvessa
Temple:   zaba_magenta_temple_8

Action                   |  1- 3 |  4- 6 |  7- 9 || total
-------------------------+-------+-------+-------++-------
Melee: Unarmed           |   128 |   225 |   393 ||   746
Invok: Trog's Hand       |       |     3 |     7 ||    10
       Berserk           |       |     3 |     5 ||     8
       Burn Spellbooks   |       |       |     3 ||     3
 Abil: Breathe Lightning |       |       |     8 ||     8
Evoke: Wand              |       |       |     1 ||     1
  Use: Scroll            |       |     9 |     6 ||    15
       Potion            |       |       |     3 ||     3
 Stab: Sleeping          |     2 |     3 |     5 ||    10
       Distracted        |       |       |     2 ||     2
  Eat: Chunk             |     2 |     7 |    11 ||    20
       Meat ration       |       |     1 |       ||     1
       Bread ration      |       |       |     2 ||     2
       Beef jerky        |       |       |     2 ||     2
